 Seeded DCSS version 0.28-a0-1506-g3893175d92 (webtiles) character file.

Game seed: 759471176321562610 (custom seed)

18 riojii the Magician (level 2, 21/21 HPs)
             Began as a Djinni Fire Elementalist on Jan 13, 2022.
             Quit the game on level 1 of the Dungeon.
             The game lasted 00:01:25 (1202 turns).

riojii the Magician (Djinni Fire Elementalist)      Turns: 1202, Time: 00:01:26

Health: 21/21      AC:  2    Str:  7    XL:     2   Next: 90%
Gold:   30         EV: 12    Int: 16    God:
                   SH:  0    Dex: 15

rFire   + + .      SeeInvis .   (no weapon)
rCold   x . .      Faith    .   (no shield)
rNeg    . . .      Spirit   .   a - +0 robe
rPois   ∞          Reflect  .   (helmet restricted)
rElec   .          Harm     .   (no cloak)
rCorr   .          Rampage  .   (no gloves)
Will    .....                   (boots unavailable)
Stlth   +++.......              (no amulet)
HPRegen 0.07/turn               (no ring)
MPRegen 0.00/turn               (no ring)

@: flying
A: sickness immunity, fire resistance 2, cold vulnerability 1, float, innate
caster, hp casting, extra vitality 1, antennae 1, thin skeletal structure 1
a: no special abilities


You were on level 1 of the Dungeon.
You visited 1 branch of the dungeon, and saw 1 of its levels.

You collected 30 gold pieces.

Inventory:

Armour
 a - a +0 robe (worn)
Jewellery
 f - a ring of resist corrosion
Scrolls
 c - a scroll of fear {unknown}
 d - 2 scrolls of teleportation {unknown}
 e - 3 scrolls of identify {unknown}
Potions
 g - a potion of curing {unknown}
 h - a potion of brilliance {unknown}


   Skills:
 - Level 2.1 Dodging
 - Level 1.5 Stealth
 + Level 3.1 Spellcasting


You couldn't memorise any spells.
You knew the following spells:

 Your Spells              Type           Power      Damage    Failure   Level
a - Foxfire               Conj/Fire      48%        2x1d6     4%          1
b - Scorch                Fire           24%        2d6       8%          2
c - Conjure Flame         Conj/Fire      12%        6-21      16%         3
d - Inner Flame           Hex/Fire       12%        N/A       16%         3
e - Flame Wave            Conj/Fire      12%        2d5       45%         4
Your spell library was empty.

Dungeon Overview and Level Annotations

Branches:
Dungeon (1/15)

Altars:


Innate Abilities, Weirdness & Mutations

You are immune to sickness and miasma.
You are immune to poison.
Your flesh is very heat resistant. (rF++)
You are vulnerable to cold. (rC-)
You float through the air rather than walking.
You learn spells naturally, not from books.
Your magical power is your life essence.
You have superior vitality. (+4 MHP)
You have a pair of small antennae on your head.
You have a somewhat thin skeletal structure. (Dex +2, Stealth+)


Message History

The foxfire hits the hobgoblin.
You kill the hobgoblin!
Your foxfire dissipates!
A hobgoblin comes into view.
You conjure some foxfire!
The foxfire hits the hobgoblin but does no damage.
The hobgoblin shouts!
You conjure some foxfire!
The foxfire hits the hobgoblin.
The hobgoblin is severely wounded.
Your foxfire dissipates!
Casting: Foxfire (safe; 5% risk of failure)
Confirm with . or Enter, or press ? or * to list all spells.
Flames lash the hobgoblin.
You kill the hobgoblin!
Your foxfire dissipates!
h - a purple potion You reach down and open the door.
There is an open door here.
There is an open door here.
There is an open door here.
There is an open door here.
Found a stone staircase leading down.
There is a stone staircase leading down here.
You now have 30 gold pieces (gained 1).
b - 3 fizzy blue potions (gained 2)
You see here 22 sling bullets.
You see here 22 sling bullets.
Done exploring.
Done exploring.
It was a potion of mutation.
You feel extremely strange.
You feel a little pissed off.
Iridescent scales grow over part of your body.
You feel weaker.
You feel insulated.
You feel extremely strange.
Your iridescent scales disappear.
You feel a little more calm. A pair of antennae grows on your head!
You feel extremely strange.
You feel conductive.
You feel stronger.
Your bones become slightly less dense.
Are you sure you want to abandon this character and quit the game? (Confirm with "yes".)

### #.# ##.###################
#....................#
##.#################.# #.#
##############.############ #.#
#.........@...(............ #.#
#.##........##.############
##.####.##........##.######
#.................##......#
#######.#.........##......#######
#................................
##.####.#........................
#..........##...####...........#.
#######.##+#..#..####............


There were no monsters in sight!

Vanquished Creatures
  5 endoplasms (D:1)
  A giant cockroach (D:1)
  2 goblins (D:1)
  2 hobgoblins (D:1)
  A quokka (D:1)
  A bat (D:1)
  2 kobolds (D:1)
  A rat (D:1)
15 creatures vanquished.

Vanquished Creatures (others)
  32 foxfires (D:1)
32 creatures vanquished.

Grand Total: 47 creatures vanquished

Notes
Turn   | Place    | Note
-------+----------+-------------------------------------------
     0 | D:1      | riojii the Djinni Fire Elementalist began the quest for the
                  | Orb.
     0 | D:1      | Reached XP level 1. HP: 15/15 MP: 0/0
   403 | D:1      | Reached XP level 2. HP: 19/21 MP: 0/0
   619 | D:1      | Reached skill level 3 in Spellcasting
  1199 | D:1      | Gained mutation: You tend to lose your temper in combat.
                  | [potion of mutation]
  1199 | D:1      | Gained mutation: You are partially covered in iridescent
                  | scales. (AC +2) [potion of mutation]
  1199 | D:1      | Gained mutation: You are weak. (Str -2) [potion of
                  | mutation]
  1199 | D:1      | Gained mutation: You are resistant to electric shocks.
                  | (rElec) [potion of mutation]
  1200 | D:1      | Lost mutation: You are partially covered in iridescent
                  | scales. (AC +2) [potion of mutation]
  1200 | D:1      | Lost mutation: You tend to lose your temper in combat.
                  | [potion of mutation]
  1200 | D:1      | Gained mutation: You have a pair of small antennae on your
                  | head. [potion of mutation]
  1201 | D:1      | Lost mutation: You are resistant to electric shocks.
                  | (rElec) [potion of mutation]
  1201 | D:1      | Lost mutation: You are weak. (Str -2) [potion of mutation]
  1201 | D:1      | Gained mutation: You have a somewhat thin skeletal
                  | structure. (Dex +2, Stealth+) [potion of mutation]
  1202 | D:1      | Quit the game

Illustrated notes

Levels and vault maps discovered:
D:1:      dpeg_arrival_rooms_c, layout_basic

Skill      XL: |  1  2 |
---------------+-------+-----
Spellcasting   | 3 |  3.1
Dodging        | |  2.1
Stealth        | |  1.5

Action                   || total
-------------------------++-------
 Cast: Foxfire           ||    22
       Scorch            ||     4
  Use: Potion            ||     3
Dodge: Dodged            ||     1

Table legend: (Time is in decaauts)
 A = Elapsed time spent in this place.
 B = Non-inter-level travel time spent in this place.
 C = Inter-level travel time spent in this place.
 D = Time resting spent in this place.
 E = Time spent auto-exploring this place.
 F = Levels seen in this place.
 G = Mean time per level.
                   A        B        C        D        E       F      G
               +--------+--------+--------+--------+--------+-----+--------+
         Total |   1202 |   1202 |      0 |      9 |   1104 |   1 | 1202.0 |
       Dungeon |   1202 |   1202 |      0 |      9 |   1104 |   1 | 1202.0 |
               +--------+--------+--------+--------+--------+-----+--------+

Top non-repeatable levels by time:
     D:1: 1202 daAuts
